 Dungeon Crawl Stone Soup version 0.29.0-5-ge4962eb29e (webtiles) character file.

Game seed: 12324828490833797930

663 DuloT34 the Ogre Mage (level 7, 0/68 (74) HPs)
             Began as an Ogre Hedge Wizard on Aug 29, 2022.
             Slain by a water moccasin (6 damage)
             ... on level 6 of the Dungeon.
             The game lasted 00:16:32 (8888 turns).

DuloT34 the Ogre Mage (Ogre Hedge Wizard)           Turns: 8888, Time: 00:16:32

HP:   0/68 (74)     AC:  3    Str: 15    XL:     7   Next: 56%
MP:   8/16          EV:  9    Int: 17    God:
Gold: 272           SH:  0    Dex:  8    Spells: 12/18 levels left

rFire   . . .      SeeInvis .   a - +0 dagger
rCold   . . .      Faith    .   (no shield)
rNeg    . . .      Spirit   .   b - +0 robe
rPois   .          Reflect  .   c - +0 hat
rElec   +          Harm     .   (no cloak)
rCorr   .          Rampage  .   (gloves unavailable)
Will    +....                   (boots unavailable)
Stlth   +.........              f - amulet of the Air {Inacc Air Fly rElec RMsl}
HPRegen 0.21/turn               g - ring of willpower
MPRegen 0.15/turn               (no ring)

@: lethally poisoned (0 -> -15), flying, drained, repel missiles
A: large, unfitting armour, tough skin 1
a: no special abilities


You were on level 6 of the Dungeon.
You visited 1 branch of the dungeon, and saw 6 of its levels.

You collected 272 gold pieces.

Inventory:

Hand Weapons
 a - a +0 dagger (weapon)
Armour
 b - a +0 robe (worn)
 c - a +0 hat (worn)
Magical Staves
 m - a staff of earth
Jewellery
 f - the amulet of the Air (around neck) {Inacc Air Fly rElec RMsl}
   (You found it on level 2 of the Dungeon)

   [amulet of nothing]

   It reduces the accuracy of all your attacks.
   It enhances your air magic.
   rElec:     It insulates you from electricity.
   Fly:       It grants you flight.
   RMsl:      It protects you from missiles.
 g - a ring of willpower (left hand)
Scrolls
 d - a scroll of fear {unknown}
 k - a scroll of blinking
 l - a scroll of teleportation
Potions
 e - a potion of ambrosia
 h - 2 potions of might
 i - 2 potions of curing {unknown}
 j - a potion of magic
 n - a potion of degeneration {unknown}
 o - a potion of resistance
 p - a potion of cancellation {unknown}
 r - a potion of heal wounds {unknown}


   Skills:
 + Level 5.8 Fighting
 - Level 1.7 Dodging
 - Level 1.4 Stealth
 + Level 6.2 Spellcasting
 + Level 4.1 Conjurations
 - Level 0.8 Summonings
 - Level 0.8 Translocations


You had 12 spell levels left.
You knew the following spells:

 Your Spells              Type           Power      Damage    Failure   Level
a - Magic Dart            Conj           76%        1d6       2%          1
b - Mephitic Cloud        Conj/Pois/Air  15%        N/A       22%         3
c - Scorch                Fire           10%        2d6       19%         2

Your spell library contained the following spells:

 Spells                   Type           Power      Damage    Failure   Level
 Slow                     Hex            20%        N/A       13%         1
 Blink                    Tloc           16%        N/A       13%         2
 Call Imp                 Summ           8%         N/A       13%         2
 Conjure Flame            Conj/Fire      12%        6-21      16%         3
 Dazzling Flash           Conj/Hex       24%        N/A       16%         3
 Flame Wave               Conj/Fire      12%        2d6       47%         4
 Summon Forest            Summ/Tloc      4%         N/A       94%         5
 Summon Mana Viper        Hex/Summ       6%         N/A       96%         5
 Agony                    Necr           5%         N/A       98%         5
 Silence                  Hex/Air        3%         N/A       98%         5
 Summon Cactus Giant      Summ           4%         N/A       100%        6


Dungeon Overview and Level Annotations

Branches:
Dungeon (6/15)
 Temple: D:4-7

Altars:
Cheibriados
Elyvilon
Fedhas
Kikubaaqudgha
Qazlal
Yredelemnul

Shops:
D:2 *   D:3 :

Annotations:
D:4 Grinder


Innate Abilities, Weirdness & Mutations

You are too large for most types of armour.
You have tough skin. (AC +1)


Message History

Aim: a water moccasin (wandering, hasn't noticed you, 100% to hit)
The magic dart hits the water moccasin.
The water moccasin is lightly wounded.
The water moccasin closely misses you. The water moccasin bites you.
You are too injured to fight recklessly!
Casting: Magic Dart (safe; 2% risk of failure)
Confirm with . or Enter, or press ? or * to list all spells.
Flames lash the water moccasin.
The water moccasin is moderately wounded.
The water moccasin's fire resistance burns away.
The water moccasin completely misses you.
Casting: Scorch (safe; 19% risk of failure)
Confirm with . or Enter, or press ? or * to list all spells.
Flames lash the water moccasin.
The water moccasin is burned terribly!
The water moccasin is heavily wounded.
The water moccasin bites you!
You are poisoned.
The water moccasin poisons you! The water moccasin bites you!
* * * LOW HITPOINT WARNING * * *
You are lethally poisoned!
The water moccasin poisons you!
Casting: Scorch (safe; 19% risk of failure)
Confirm with . or Enter, or press ? or * to list all spells.
Flames lash the water moccasin.
The water moccasin is burned terribly!
The water moccasin is almost dead.
* * * LOW HITPOINT WARNING * * *
You feel very sick. The water moccasin bites you.
* * * LOW HITPOINT WARNING * * *
Casting: Scorch (safe; 19% risk of failure)
Confirm with . or Enter, or press ? or * to list all spells.
Aiming: Magic Dart (safe; 2% risk of failure)
Press: ? - help, Shift-Dir - straight line, f/p - water moccasin
Aim: a water moccasin (almost dead, more vulnerable to fire, 100% to hit)
The magic dart hits the water moccasin.
The water moccasin is almost dead.
* * * LOW HITPOINT WARNING * * *
You feel very sick. The water moccasin bites you.
You die...

#.......###.#.#
#..####.# #.#.# .# ....
#..##.<.# #.#.# .##....
#......รท###.#.# .#....
#.###.......#.##.....
##........#......#
#...................
####........####.######
#.........)@S.......
#........####.######
..........# ...
###........# .###
#........# ..
########## .# .# .#


You could see a water moccasin (combustible).

Vanquished Creatures
  A water moccasin (D:6)
  An ogre (D:5)
  A centaur (D:5)
  A wight (D:6)
  A vampire bat (D:3)
  A jelly (D:6)
  Jessica (D:2)
  2 iguanas (D:5)
  An orc wizard (D:5)
  A gnoll (D:1)
  4 adders
  An ufetubus (D:5)
  2 worms
  7 dart slugs
  15 orcs
  3 ball pythons
  6 bats
  4 bat skeletons (D:3)
  A bat zombie (D:3)
  4 endoplasms
  3 giant cockroaches
  A goblin (D:1)
  5 hobgoblins
  3 jackals (D:1)
  4 kobolds (D:1)
  4 quokkas
  4 frilled lizards
  6 rats
  A spectral orc (D:3)
89 creatures vanquished.

Notes
Turn   | Place    | Note
-------+----------+-------------------------------------------
     0 | D:1      | DuloT34 the Ogre Hedge Wizard began the quest for the Orb.
     0 | D:1      | Reached XP level 1. HP: 16/16 MP: 5/5
    67 | D:1      | Reached skill level 1 in Conjurations
   213 | D:1      | Reached skill level 1 in Fighting
   306 | D:1      | Reached XP level 2. HP: 24/27 MP: 3/6
  1091 | D:2      | Reached skill level 4 in Spellcasting
  1373 | D:1      | Reached XP level 3. HP: 33/35 MP: 2/8
  2412 | D:1      | Learned a level 3 spell: Mephitic Cloud
  3107 | D:2      | Found the amulet of the Air {Inacc Air Fly rElec RMsl}
  3458 | D:2      | Noticed Jessica
  3534 | D:2      | Killed Jessica
  3535 | D:2      | Reached XP level 4. HP: 44/44 MP: 5/10
  3822 | D:2      | Found Mapseat's Assorted Antiques.
  3874 | D:2      | Found a faded altar of an unknown god.
  4438 | D:2      | Learned a level 2 spell: Scorch
  4561 | D:3      | Found Kereob's Book Shoppe.
  4911 | D:3      | Reached XP level 5. HP: 53/53 MP: 3/11
  5050 | D:3      | Found a stormy altar of Qazlal.
  5050 | D:3      | Found a white marble altar of Elyvilon.
  5337 | D:3      | Found a snail-covered altar of Cheibriados.
  5485 | D:3      | Found a basalt altar of Yredelemnul.
  5794 | D:3      | Found an ancient bone altar of Kikubaaqudgha.
  5869 | D:4      | Reached skill level 5 in Spellcasting
  5972 | D:4      | Found a blossoming altar of Fedhas.
  5999 | D:4      | Noticed Grinder
  6270 | D:5      | Entered Level 5 of the Dungeon
  6270 | D:5      | Noticed an ogre
  6275 | D:5      | Killed an ogre
  6276 | D:5      | Reached XP level 6. HP: 63/63 MP: 1/14
  7800 | D:5      | Reached skill level 5 in Fighting
  7800 | D:5      | Reached XP level 7. HP: 60/72 MP: 3/15
  8572 | D:6      | Reached skill level 6 in Spellcasting
  8888 | D:6      | Slain by a water moccasin

Illustrated notes

Levels and vault maps discovered:
D:1:      mrwooster_arrival_statue_3, layout_loops_ring, kennysheep_minor_cross,
          minmay_misc_feat_encased
D:2:      layout_basic, serial_shops, nicolae_square_shop,
          dilly_ecumenical_altar_fadedgnrine, uniq_jessica
D:3:      layout_basic, yredelemnul_forgotten_temple_becter,
          kennysheep_vampire_church, mainiacjoe_overflow_large_starburst,
          lemuel_tele_altar, serial_shops, shop
D:4:      layout_rooms, mainiacjoe_overflow_alcove_2, marbit_many_paths,
          minmay_temple_entry_overgrown, grunt_decor_clamped, uniq_grinder,
          uniq_robin
D:5:      layout_cave_pods
D:6:      layout_basic, mainiacjoe_overflow_concentric_impassable, minivault_22,
          minmay_manual_mess, uniq_maggie, uniq_blork_the_orc

Skill      XL: |  1  2  3  4  5  6  7 |
---------------+----------------------+-----
Conjurations   | 1 2 3 4 |  4.1
Fighting       | 1 2 3 4 5 |  5.8
Spellcasting   | 4 5 6 |  6.2
Dodging        | |  1.7
Stealth        | |  1.4
Summonings     | |  0.8
Translocations | |  0.8

Action                   |  1- 3 |  4- 6 |  7- 9 || total
-------------------------+-------+-------+-------++-------
Melee: Dagger            |   138 |     5 |    13 ||   156
       Punch             |     2 |       |     1 ||     3
       Giant club        |       |    11 |       ||    11
 Cast: Magic Dart        |    98 |    96 |    20 ||   214
       Scorch            |       |    38 |    17 ||    55
       Mephitic Cloud    |       |     1 |     1 ||     2
  Use: Potion            |     2 |       |       ||     2
       Scroll            |     1 |     5 |     2 ||     8
 Stab: Sleeping          |     1 |       |       ||     1
Armor: Robe              |    55 |    22 |     4 ||    81
Dodge: Dodged            |    96 |    58 |    20 ||   174
       Repelled          |       |     3 |     1 ||     4
